Kradschützen Motorcycle Team
Construct Light Support Kompanie
Selects Panzerjäger Kommand Battlegroup
Selects Blockade Equipment
Selects GrB 39 Grenade Launcher Requisition
Construct Mechanized Kompanie
Panzerjäger Mechanized Group
Marder III Tank Destroyer
Marder III Tank Destroyer
Selects Crew Shock Tactics
Marder III Tank Destroyer
18-tonne Recovery Half-track
254 Reconnaissance Tractor
Marder III Tank Destroyer
Selects Anti-tank Overwatch